 Dungeon Crawl Stone Soup version 0.31-a0-152-g6aa68a64a1 (webtiles) character file.

Game seed: 17214511172260747775

60 qw the Shooter (level 4, -3/28 HPs)
             Began as a Gargoyle Hunter on June 10, 2023.
             Slain by a cerulean imp
             ... wielding a +1 spear
             ... summoned by Natasha
              (5 damage)
             ... on level 2 of the Dungeon.
             The game lasted 00:00:22 (841 turns).

qw the Shooter (Gargoyle Hunter)                     Turns: 841, Time: 00:00:22

Health: -3/28      AC:  6    Str: 15    XL:     4   Next: 6%
Magic:  4/4        EV: 11    Int:  9    God:
Gold:   101        SH:  0    Dex: 15    Spells: 3/3 levels left

rFire   . . .        Y - +0 shortbow
rCold   + . .        (shield currently unavailable)
rNeg    + . .        c - +0 leather armour
rPois   inf          (no helmet)
rElec   +            (no cloak)
rCorr   .            (no gloves)
SInv    .            (no boots)
Will    .....        (no amulet)
Stlth   ++           k - ring of protection from cold
HPRegen 0.24/turn    (no ring)
MPRegen 0.09/turn

%: no passive effects
@: slowed, very slow
A: sickness immunity, AC +3, negative energy resistance 1, electricity
resistance, torment resistance 1, petrification resistance
a: no special abilities


You were on level 2 of the Dungeon.
You visited 1 branch of the dungeon, and saw 2 of its levels.

You collected 101 gold pieces.


Innate Abilities, Weirdness & Mutations

You are immune to sickness and miasma.
Your stone body is resilient. (AC +3)
You are immune to poison.
You resist negative energy. (rN+)
You are resistant to electric shocks. (rElec)
You are resistant to unholy torment.
You are immune to petrification.


   Skills:
 - Level 3.1 Fighting
 + Level 5.1 Ranged Weapons
 - Level 1.5 Dodging
 - Level 1.1 Stealth


You had 3 spell levels left.
You didn't know any spells.
Your spell library was empty.

Inventory:

Hand Weapons
 Y - a +0 shortbow (weapon)
Armour
 c - a +0 leather armour (worn)
Jewellery
 k - a ring of protection from cold (left hand)
Scrolls
 a - a scroll of enchant armour
 n - 4 scrolls of identify
Potions
 d - a potion of enlightenment {unknown}
 g - a potion of lignification
 h - a potion of curing {unknown}
 o - a potion of cancellation {unknown}

Dungeon Overview and Level Annotations

Branches:
Dungeon (2/15)

Altars:

Annotations:
D:2 Natasha


Message History

You shoot an arrow. The arrow hits Natasha!
Natasha is severely wounded.
You start waiting.
Natasha casts a spell at you. You resist with some effort.
You shoot an arrow. The arrow barely misses Natasha.
Natasha mumbles some strange words.
You shoot an arrow. The arrow closely misses Natasha.
Natasha extends her claws.
Natasha drinks a potion.
Natasha seems to speed up.
You shoot an arrow. The arrow closely misses Natasha.
Natasha barely misses you. Natasha claws you.
The cerulean imp hits you from afar with a +1 spear.
Natasha casts a spell.
You shoot an arrow. The arrow closely misses Natasha.
The arrow closely misses the cerulean imp.
Natasha claws you.
The cerulean imp hits you but does no damage.
The cerulean imp hits you from afar with a +0 spear.
Natasha barely misses you. The cerulean imp misses you.
You shoot an arrow. The arrow barely misses Natasha.
The arrow misses the cerulean imp.
Natasha barely misses you. The cerulean imp barely misses you.
Natasha casts a spell.
The cerulean imp hits you but does no damage.
The cerulean imp misses you. Natasha claws you.
The cerulean imp hits you from afar with a +1 spear.
You shoot an arrow. The arrow hits Natasha.
Natasha is almost dead.
Natasha barely misses you.
The cerulean imp hits you but does no damage. x2
Natasha barely misses you. The cerulean imp closely misses you.
The cerulean imp barely misses you.
You shoot an arrow. The arrow closely misses Natasha.
The arrow closely misses the cerulean imp.
Natasha claws you. The cerulean imp closely misses you. Natasha claws you.
The cerulean imp barely misses you.
The cerulean imp hits you from afar with a +0 spear.
The cerulean imp hits you from afar with a +1 spear.
You die...

.......#.#
#......#.#
......#.####
..........#
....$....#
55.5....#
#h......#
#@#.>...#
#.#.....#
#####.......#
#.......#####
#.......#
###......##
#....#####
#....# #....#


You could see Natasha (fast) and 3 cerulean imps.

Vanquished Creatures
  Natasha (D:2)
  2 adders (D:2)
  A dart slug (D:2)
  2 bats
  4 hobgoblins
  A quokka (D:2)
  A ball python (D:1)
  2 frilled lizards (D:2)
  A kobold (D:1)
  3 rats
18 creatures vanquished.

Notes
Turn   | Place    | Note
-------+----------+-------------------------------------------
     0 | D:1      | qw the Gargoyle Hunter began the quest for the Orb.
     0 | D:1      | Reached XP level 1. HP: 12/12 MP: 1/1
     0 | D:1      | 0 ||| qw: Version: 0.2-a-123-gb51047a
     0 | D:1      | 0 ||| qw: Game counter: 3693
     0 | D:1      | 0 ||| qw: Always use a shield: true
     0 | D:1      | 0 ||| qw: God list: Okawaru
     0 | D:1      | 0 ||| qw: Allow faded altars: false
     0 | D:1      | 0 ||| qw: Do Orc after D:15 true
     0 | D:1      | 0 ||| qw: Do second Lair branch before Depths: true
     0 | D:1      | 0 ||| qw: Lair rune preference: random
     0 | D:1      | 0 ||| qw: Plans: Normal, Zot:1-4, Slime:5, God:TSO, Crypt,
                  | Tomb, Abyss, Pan, Hells, Win
     0 | D:1      | 0 ||| PLANNING D:1-11
   198 | D:1      | Reached XP level 2. HP: 17/17 MP: 2/2
   417 | D:1      | 417 ||| UPGRADING to ring of protection from cold.
   418 | D:1      | 418 ||| READING 2 scrolls labelled YSHOQELAEX.
   419 | D:1      | 419 ||| READING scroll labelled EHEAZX HIEM.
   431 | D:1      | 431 ||| READING scroll labelled ARUUPP NAPRUSH.
   436 | D:1      | 436 ||| READING scroll labelled OFASHR VABOTUAPN.
   437 | D:1      | 437 ||| READING scroll labelled FOUJON TIUX.
   438 | D:1      | 438 ||| READING scroll labelled ZUCHIANAIS.
   539 | D:1      | 539 ||| READING 2 scrolls labelled PAN USSUZUONU.
   540 | D:1      | 540 ||| DRINKING 2 dark potions.
   575 | D:1      | 575 ||| DROPPING scroll of butterflies.
   756 | D:2      | Reached XP level 3. HP: 21/21 MP: 3/3
   761 | D:2      | Reached skill level 5 in Ranged Weapons
   813 | D:2      | Noticed Natasha
   818 | D:2      | Killed Natasha
   819 | D:2      | Reached skill level 3 in Fighting
   819 | D:2      | Reached XP level 4. HP: 28/28 MP: 4/4
   831 | D:2      | Noticed Natasha
   841 | D:2      | HP: 5/28 [Natasha (3)]
   841 | D:2      | HP: 2/28 [cerulean imp/+0 spear[Natasha] (3)]
   841 | D:2      | Slain by a cerulean imp

Levels and vault maps discovered:
D:1:      giann_forest_graveyard, layout_rooms, lemuel_flame_loot_1
D:2:      layout_basic, minivault_24, st_stairs_13, uniq_natasha, uniq_terence

Skill      XL: |  1  2  3 |
---------------+----------+-----
Ranged Weapons | 5 |  5.1
Fighting       | 3 |  3.1
Dodging        | |  1.5
Stealth        | |  1.1

Action                     |  1- 3 |  4- 6 || total
---------------------------+-------+-------++-------
   Fire: Shortbow          |    61 |     9 ||    70
    Use: Scroll            |     7 |       ||     7
         Potion            |     1 |       ||     1
 Armour: Leather armour    |     9 |     4 ||    13
  Dodge: Dodged            |    20 |    12 ||    32

Table legend:
 A = Non-vault XP
 B = Vault XP
 C = Vault XP percentage of total XP
 D = Non-vault monster count
 E = Vault monster count
 F = Vault count percentage of total count
                 A         B        C        D         E       F
            +---------+---------+-------+---------+---------+-------
      Total |      33 |      54 |  62.1 |      15 |       3 |  16.7
            +---------+---------+-------+---------+---------+-------
        D:1 |      12 |       0 |   0.0 |       8 |       0 |   0.0
        D:2 |      21 |      54 |  72.0 |       7 |       3 |  30.0
            +---------+---------+-------+---------+---------+-------
